[Event "Live Chess"]
[Site "Chess.com"]
[Date "2024.06.02"]
[Round "-"]
[White "FlyingChessKestrel13"]
[Black "gobbles19"]
[Result "1/2-1/2"]
[WhiteElo "2064"]
[BlackElo "2220"]
[TimeControl "300"]
[EndTime "8:11:03 PDT"]
[Termination "Game drawn by repetition"]

1. e4 c5 2. Nf3 e6 3. c4 d5 4. cxd5 exd5 5. e5 Nc6 6. d3 Nge7 7. Nc3 Ng6 8. Bg5 Be7 9. Bxe7 Ngxe7 10. Be2 Bg4 11.
O-O O-O 12. Re1 Ng6 13. h3 Be6 14. d4 cxd4 15. Nxd4 Ngxe5 16. Bf3 Nxf3+ 17. Nxf3 h6 18. Qd2 Qd7 19. Rad1 Rad8 20. Nd4 Nxd4 21. Qxd4 b6 22. Rd2 Qc6 23. Red1 Rfe8 24. Rd3 a6 25. Rg3 g6 26. Qf4 Kh7 27. Ne2 Qc4 28. Nd4 Qc2 29. Rd2 Qe4 30. Nxe6 Qe1+ 31. Kh2 Qxe6 32. Re3 Qd7 33. Red3 Qe6 34.
Qf3 Qe5+ 35. g3 Kg7 36. Rxd5 Rxd5 37. Rxd5 Qxb2 38. Rd7 Qf6 39. Qxf6+ Kxf6 40. Kg2 Re6 41. f4 Rc6 42. Kf3 h5 43. g4 hxg4+ 44. hxg4 Ke6 45. Rd3 Rc2 46. Rb3 b5 47. a4 Rc5 48. axb5 Rxb5 49. Ra3 a5 50. Ke4 Kd6 51. f5 gxf5+ 52.
gxf5 Kc6 53. Kf4 Kb6 54. Kg5 Rc5 55. Kf6 Rc7 56. Re3 a4 57. Rd3 Kb5 58. Rg3 Ka5 59. Rf3 Rb7 60. Rg3 Rb3 61. Rg2 Rb7 62. Rg3 Kb4 63.
Rg4+ Ka5 64. Rg3 1/2-1/2

[Event "Live Chess"]
[Site "Chess.com"]
[Date "2024.06.02"]
[Round "-"]
[White "HoarseyHorsey"]
[Black "DfNn"]
[Result "1-0"]
[WhiteElo "1614"]
[BlackElo "1557"]
[TimeControl "300"]
[EndTime "8:11:08 PDT"]
[Termination "HoarseyHorsey won by resignation"]

1. d4 e5 2. dxe5 Nc6 3. Nf3 Bc5 4.
Bf4 b6 5. Nc3 Bb7 6. e4 Nge7 7.
Bg5 h6 8. Bh4 g5 9. Bg3 Nd4 10.
Nxd4 Bxd4 11. Qxd4 c5 12. Qd2 Ng6 13. Bb5 Qe7 14.
O-O-O Nxe5 15. Bxe5 Qxe5 16. Qxd7+ Kf8 17. Qxb7 1-0

[Event "Live Chess"]
[Site "Chess.com"]
[Date "2024.06.02"]
[Round "-"]
[White "DarranAS"]
[Black "bill77678"]
[Result "0-1"]
[WhiteElo "1415"]
[BlackElo "1845"]
[TimeControl "300"]
[EndTime "8:11:34 PDT"]
[Termination "bill77678 won by resignation"]

1. f4 d5 2. Nf3 c5 3. e3 Nc6 4.
Be2 g6 5. O-O Bg7 6. c3 Nf6 7.
d3 O-O 8. Kh1 Re8 9. Rg1 e5 10.
fxe5 Nxe5 11. Nxe5 Rxe5 12. d4 Re8 13. Bf3 cxd4 14. exd4 Ne4 15. Qf1 Qh4 16. Bxe4 Qxe4 17. Nd2 Qe2 18. Nf3 Bf5 19. Bg5 Qxf1 20. Rgxf1 Re2 21. b3 Rae8 22. Bf4 h6 23. Ne5 Be4 24. Rg1 g5 25. Bg3 f5 26. Nf3 f4 27. Be1 Bxf3 28.
gxf3 Kf7 29. h4 Kg6 30. hxg5 hxg5 31. Rg4 Rxe1+ 32. Rxe1 Rxe1+ 33. Kg2 Re2+ 34. Kf1 Rxa2 0-1

[Event "Live Chess"]
[Site "Chess.com"]
[Date "2024.06.02"]
[Round "-"]
[White "Purple1szed"]
[Black "DavrosLight"]
[Result "1-0"]
[WhiteElo "2001"]
[BlackElo "802"]
[TimeControl "300"]
[EndTime "8:11:47 PDT"]
[Termination "Purple1szed won by resignation"]

1. e4 e5 2. Nf3 Nc6 3. Bc4 Nf6 4. Ng5 Nxe4 5. Bxf7+ Ke7 6. d4 Nxg5 7. Bxg5+ Kxf7 8. Bxd8 Nxd4 9. O-O Nxc2 10. Qxc2 Bc5 11. Bxc7 Bxf2+ 1-0

[Event "Live Chess"]
[Site "Chess.com"]
[Date "2024.06.02"]
[Round "-"]
[White "ACM42"]
[Black "NottheBishopSacrifice"]
[Result "1/2-1/2"]
[WhiteElo "2170"]
[BlackElo "2331"]
[TimeControl "300"]
[EndTime "8:11:51 PDT"]
[Termination "Game drawn - timeout vs insufficient material"]

1. e4 c6 2. d4 d5 3. e5 c5 4. c3 Nc6 5. Nf3 Bg4 6. Bb5 cxd4 7.
cxd4 e6 8. O-O Ne7 9. Be3 Nf5 10. Nc3 Be7 11. h3 Bxf3 12. Qxf3 O-O 13. Rfd1 Bg5 14.
Bxg5 Qxg5 15. Qg4 Qxg4 16. hxg4 Nfxd4 17. f4 a6 18. Bd3 Rac8 19. Kf2 Nb4 20. a3 Nbc6 21. Rh1 g6 22. Rh3 f6 23. exf6 Rxf6 24. g3 Rcf8 25. Rah1 R6f7 26. g5 Rg7 27. Kg2 Ne7 28.
Rd1 Nef5 29. Rd2 Nb3 30. Rf2 d4 31. Ne4 Rc8 32. Nf6+ Kf8 33. Nxh7+ Ke7 34. Nf6 Nc1 35. Bxf5 exf5 36. Rh1 Nb3 37. Rd1 Kd6 38. Rd3 Nc5 39.
Rxd4+ Kc6 40. Rc2 Kb6 41. b4 Nb3 42. Rxc8 Nxd4 43. Rd8 Nc6 44. Rd7 Rxd7 45. Nxd7+ Kb5 46. Nf8 Ne7 47. Nxg6 Nxg6 48. Kf3 Kc6 49. g4 fxg4+ 50.
Kxg4 Kd7 51. f5 Ne5+ 52. Kf4 Nf7 53. g6 Nh6 54. Ke5 Ke7 55. f6+ Kf8 56. Ke6 Kg8 57. Ke7 Nf5+ 58. Ke6 Nh6 59. a4 b6 60. b5 a5 61. Ke5 Kf8 62. Ke6 Kg8 63. f7+ Kg7 64. Kd7 Nf5 65. Kc6 Ne7+ 66. Kxb6 Nxg6 67. Kxa5 Kxf7 68. b6 Ne7 69. b7 Ke6 70. Kb6 Nd5+ 71.
Kc6 Ne7+ 72. Kc7 Nd5+ 73. Kc6 Nb4+ 74. Kc5 Na6+ 1/2-1/2

[Event "Live Chess"]
[Site "Chess.com"]
[Date "2024.06.02"]
[Round "-"]
[White "Bradfield133"]
[Black "ShanthamGrarks"]
[Result "0-1"]
[WhiteElo "1830"]
[BlackElo "1892"]
[TimeControl "300"]
[EndTime "8:12:00 PDT"]
[Termination "ShanthamGrarks won on time"]

1. c4 c6 2. Qa4 Nf6 3. g3 g6 4. Bg2 Bg7 5. Nf3 O-O 6. O-O d6 7. d3 Nbd7 8. Nbd2 Nc5 9. Qc2 Bd7 10. Rb1 e5 11. b4 Ne6 12. e4 g5 13. h3 h5 14. Nb3 Nh7 15. h4 g4 16. Nh2 Nd4 17. Nxd4 exd4 18. f3 Nf6 19. Bg5 Qc8 20. Bxf6 Bxf6 21. fxg4 Be5 22. Qf2 Bxg4 23. Nf3 Bg7 24.
Nxd4 c5 25. Nf5 Bxf5 26. Qxf5 cxb4 27. Qxc8 Raxc8 28. Rxb4 b6 29. Rb5 Be5 30. Rf5 a6 31. Rd5 b5 32. cxb5 axb5 33. Rxb5 f6 34. Kh2 Rf7 35. a4 Rg7 36. Rf3 Rg4 37. Kh3 Kf7 38.
a5 Rcg8 39. Rb7+ Ke6 40. Kh2 Rxh4+ 41. Bh3+ f5 0-1

[Event "Live Chess"]
[Site "Chess.com"]
[Date "2024.06.02"]
[Round "-"]
[White "KyryloPoluliakh"]
[Black "santhoshrlokesh"]
[Result "1/2-1/2"]
[WhiteElo "1533"]
[BlackElo "1475"]
[TimeControl "300"]
[EndTime "8:12:06 PDT"]
[Termination "Game drawn - insufficient material"]

1. c4 d5 2. Nc3 dxc4 3. e4 e6 4. Bxc4 Bb4 5. Nge2 Nf6 6. d4 Nbd7 7.
O-O Bxc3 8. Nxc3 O-O 9. d5 exd5 10. Nxd5 b6 11. Nxf6+ Nxf6 12. Qxd8 Rxd8 13. Bg5 h6 14. Bxf6 gxf6 15. Bd5 Rb8 16. Rfd1 Bb7 17. Bxb7 Rxd1+ 18.
Rxd1 Rxb7 19. f3 c5 20. Kf2 Kf8 21. Ke3 Ke7 22. a3 Ke6 23. b4 cxb4 24. axb4 a5 25. bxa5 bxa5 26. Ra1 Rb5 27. Kd4 f5 28. exf5+ Rxf5 29. g4 Rxf3 30. Rxa5 Rh3 31. Ra6+ Ke7 32. Ra2 Kf6 33. Ke4 h5 34. gxh5 Rxh5 35. Ra6+ Kg7 36.
Ra2 f5+ 37. Kf4 Kf6 38. Kg3 Kg5 39. Ra5 Rh7 40. h3 Rh5 41. h4+ Rxh4 42. Rxf5+ Kxf5 43. Kxh4 1/2-1/2

[Event "Live Chess"]
[Site "Chess.com"]
[Date "2024.06.02"]
[Round "-"]
[White "wadsy27"]
[Black "JanMur7"]
[Result "1-0"]
[WhiteElo "2606"]
[BlackElo "2288"]
[TimeControl "300"]
[EndTime "8:12:17 PDT"]
[Termination "wadsy27 won by resignation"]

1. c4 c5 2. g3 g6 3. Bg2 Bg7 4.
Nc3 Nc6 5. Nf3 e6 6. d4 Nxd4 7.
Nxd4 cxd4 8. Ne4 d5 9. Qa4+ Bd7 10. Nd6+ Kf8 11. Qa3 Ne7 12. cxd5 exd5 13. Bg5 Be5 14.
Nxb7 Qe8 15. Bxd5 h6 16. Nd6 Bxd6 17. Qxd6 hxg5 18. Bxa8 Qxa8 19. f3 Qb7 20. Qxd4 Kg8 21.
Rd1 Be6 22. Qf6 Nd5 23. Qxg5 Qxb2 24. Rxd5 Bxd5 25. Qxd5 Qa1+ 26. Qd1 Qxa2 27. O-O Rh5 28. Qd8+ Kh7 29. Qe7 a5 30. Rd1 a4 31. g4 Rb5 32.
Rd8 Rb1+ 33. Kg2 g5 34. Qe4+ Kg7 35. Qe5+ f6 36. Rd7+ Kg6 37. Qf5+ 1-0

[Event "Live Chess"]
[Site "Chess.com"]
[Date "2024.06.02"]
[Round "-"]
[White "educatedlad"]
[Black "raimundklein"]
[Result "1-0"]
[WhiteElo "1751"]
[BlackElo "1594"]
[TimeControl "300"]
[EndTime "8:12:21 PDT"]
[Termination "educatedlad won on time"]

1. d4 Nf6 2. Bg5 Ne4 3. Bf4 c5 4. f3 Qa5+ 5. c3 Nf6 6. d5 d6 7.
e4 Nbd7 8. Nh3 g6 9. a4 Bg7 10. Na3 a6 11. Nc4 Qc7 12. Nf2 O-O 13. g4 Nb6 14.
Nxb6 Qxb6 15. Qd2 Bd7 16. h4 Qb3 17. h5 b5 18. axb5 axb5 19. Rd1 Ra2 20. Nd3 Qa4 21. hxg6 fxg6 22. Bh6 Ra1 23. Bxg7 Rxd1+ 24. Qxd1 Qxd1+ 25. Kxd1 Kxg7 26. Nf4 Ra8 27. Kc2 Ne8 28. Ne6+ Bxe6 29. dxe6 Nc7 30. Bd3 c4 31. Be2 Nxe6 32. Rf1 Nf4 33.
Kd2 Ra2 34. Rb1 e5 35. Ke3 g5 36. Bf1 Ne6 37. b3 Nc5 38. bxc4 bxc4 39. Bxc4 Rc2 40.
Bd5 Rxc3+ 41. Kf2 Rc2+ 42. Kg3 Kf6 43. Rb6 Ke7 44. Rc6 Rd2 45. Rc7+ Kf6 46. Rxh7 Nd3 47.
Rh6+ Ke7 48. Rg6 Nf4 49. Rxg5 Nxd5 50. exd5 Rxd5 51. f4 Rd3+ 52. Kf2 e4 53. Ke2 Rf3 54. f5 Rf4 55. Rg6 d5 56. Ke3 Rf3+ 57. Kd4 Rd3+ 58. Kc5 e3 59. Re6+ Kf7 60. g5 d4 61. Kc4 Rd2 62. Kd5 e2 63. Rf6+ Kg7 64. Kd6 1-0

[Event "Live Chess"]
[Site "Chess.com"]
[Date "2024.06.02"]
[Round "-"]
[White "Duke_of_Bebington"]
[Black "StoreySniper"]
[Result "0-1"]
[WhiteElo "1574"]
[BlackElo "2489"]
[TimeControl "300"]
[EndTime "8:12:34 PDT"]
[Termination "StoreySniper won by resignation"]

1. e4 d5 2. exd5 Qxd5 3. Nf3 Bg4 4. Be2 Nc6 5. O-O e5 6. h3 Bh5 7. d3 O-O-O 8. Nc3 Qd7 9. Ne4 f5 10. Ng3 Bg6 11. Bg5 Be7 12. Bxe7 Ngxe7 13. Ng5 h6 14. Nf3 Bh7 15. Nh2 g5 16. Bh5 Bg6 17. Re1 Rhf8 18. a4 a6 19. Be2 Kb8 20. c3 Nd5 21. Bf3 Nf4 22. Bxc6 Qxc6 23. f3 Rxd3 24. Qb3 Rd2 0-1

[Event "Live Chess"]
[Site "Chess.com"]
[Date "2024.06.02"]
[Round "-"]
[White "Plimsol"]
[Black "Pablo_dmp"]
[Result "1-0"]
[WhiteElo "2374"]
[BlackElo "1979"]
[TimeControl "300"]
[EndTime "8:12:36 PDT"]
[Termination "Plimsol won by resignation"]

1. e4 c6 2. d4 d5 3. exd5 cxd5 4. c4 g6 5. Nc3 Nf6 6. Qb3 Bg7 7. cxd5 O-O 8. Be2 e6 9. dxe6 Bxe6 10. Qxb7 Nbd7 11.
Nf3 Re8 12. O-O Nb6 13. Qa6 Nfd5 14. Bg5 Qd6 15. Rfe1 Rec8 16. Ne4 Qb4 17. Nc5 Qxb2 18. Nxe6 fxe6 19. Rab1 Qc2 20. Bd3 Qc6 21. Ne5 Qd6 22. Rbc1 Rf8 23. Be4 Nb4 24. Qe2 Rad8 25. Nf3 a5 26.
Bxd8 Rxd8 27. a3 N4d5 28. Bxd5 exd5 29. Qe6+ Qxe6 30. Rxe6 Nc4 31. a4 Rf8 32. h4 Nb2 33. Rc7 Nxa4 34. Ra7 Nb6 35. Rxb6 1-0

[Event "Live Chess"]
[Site "Chess.com"]
[Date "2024.06.02"]
[Round "-"]
[White "JohanKjeldahl"]
[Black "lyricalschemes"]
[Result "1/2-1/2"]
[WhiteElo "1794"]
[BlackElo "2192"]
[TimeControl "300"]
[EndTime "8:12:45 PDT"]
[Termination "Game drawn by repetition"]

1. c4 e5 2. Nc3 Nf6 3. Nf3 e4 4. Ng5 Qe7 5. Qc2 Nc6 6. a3 d6 7.
Ngxe4 Bf5 8. d3 O-O-O 9. Nd5 Nxd5 10. cxd5 Nd4 11. Qa4 Qe5 12. Be3 c5 13. dxc6 Nxc6 14.
Rc1 Kb8 15. g3 d5 16. Nc5 Qxb2 17. Na6+ Ka8 18. Rxc6 bxc6 19. Qxc6+ Qb7 20. Nc7+ Kb8 21. Na6+ Ka8 22. Nc7+ Kb8 23. Na6+ Ka8 1/2-1/2

[Event "Live Chess"]
[Site "Chess.com"]
[Date "2024.06.02"]
[Round "-"]
[White "GerardATHart"]
[Black "MagnersCarlsberg2870"]
[Result "0-1"]
[WhiteElo "1394"]
[BlackElo "1770"]
[TimeControl "300"]
[EndTime "8:13:00 PDT"]
[Termination "MagnersCarlsberg2870 won by resignation"]

1. e4 e5 2. Nf3 Nf6 3. Nxe5 Nc6 4. Nxc6 dxc6 5. Nc3 Bc5 6. d3 Ng4 7. Be3 Nxe3 8.
fxe3 Bxe3 9. Qf3 Bh6 10. Be2 O-O 11. O-O Qd4+ 12. Kh1 f5 13. Qh5 Bd7 14. exf5 Rae8 15. Bg4 Bd2 16. Ne4 Qxb2 17. Ng5 Bxg5 18. Qxg5 Qf6 19. Qf4 g6 20. Qxc7 Bxf5 21. Qxb7 Rb8 22. Qxa7 Rb2 23. Qf2 Qc3 24. Bxf5 Rxf5 25. Qa7 Rxc2 26.
Qb8+ Kg7 27. Qc7+ Kh6 28. Rxf5 Qxa1+ 0-1

[Event "Live Chess"]
[Site "Chess.com"]
[Date "2024.06.02"]
[Round "-"]
[White "ClassyChameleon"]
[Black "FREDERICKtheMATE"]
[Result "0-1"]
[WhiteElo "1515"]
[BlackElo "2661"]
[TimeControl "300"]
[EndTime "8:13:01 PDT"]
[Termination "FREDERICKtheMATE won by resignation"]

1. e4 c5 2. Nf3 Nc6 3. d4 cxd4 4. Nxd4 Nf6 5. Nxc6 bxc6 6. e5 Qa5+ 7. c3 Qxe5+ 8. Be3 Nd5 9. Be2 Nxe3 10. fxe3 Qxe3 11. Na3 Ba6 12. c4 e6 13. Rc1 Bb4+ 14. Kf1 Qf4+ 15. Bf3 Bxa3 16. bxa3 Bxc4+ 17. Ke1 Qe3+ 18. Be2 Bxe2 19.
Qxe2 Qxe2+ 20. Kxe2 Ke7 21. Rc3 Rab8 22. Rhc1 Rb2+ 23.
R1c2 Rhb8 24. Kd3 Rxc2 25. Kxc2 Rb5 26. g3 Kd6 27. h4 Rc5 28. Kb3 Rxc3+ 29. Kxc3 Ke5 30.
Kc4 d6 31. Kb4 d5 32. Ka5 d4 33. Ka6 d3 34. Kxa7 d2 0-1

[Event "Live Chess"]
[Site "Chess.com"]
[Date "2024.06.02"]
[Round "-"]
[White "bobby_jamesFischer86"]
[Black "Ferrarifan27"]
[Result "0-1"]
[WhiteElo "1640"]
[BlackElo "2147"]
[TimeControl "300"]
[EndTime "8:13:14 PDT"]
[Termination "Ferrarifan27 won by resignation"]

1. d4 Nf6 2. c4 e6 3. Nc3 Bb4 4. Bd2 c5 5. dxc5 Bxc5 6. e3 O-O 7. Nf3 Nc6 8. a3 Be7 9. Be2 b6 10. Qc2 Bb7 11. Rd1 Rc8 12. Qb1 a6 13. O-O Qc7 14.
Rc1 Na5 15. Rfd1 Nxc4 16. Na2 Nxd2 17. Rxd2 Qb8 18. Rdc2 Rxc2 19. Rxc2 Be4 20. Qc1 Bxc2 21. Qxc2 Rc8 22. Nc3 d5 23. Qd2 Qc7 24. h3 b5 25.
Bf1 Ne4 26. Nxe4 dxe4 27. Qd4 exf3 0-1

[Event "Live Chess"]
[Site "Chess.com"]
[Date "2024.06.02"]
[Round "-"]
[White "Andysav3"]
[Black "PaulyD81"]
[Result "1-0"]
[WhiteElo "1895"]
[BlackElo "980"]
[TimeControl "300"]
[EndTime "8:13:28 PDT"]
[Termination "Andysav3 won on time"]

1. e4 c5 2. c3 d6 3. d4 cxd4 4.
cxd4 Nf6 5. Nc3 Nc6 6. Nf3 a6 7. h3 g6 8. Bg5 Bg7 9. Qd2 O-O 10.
Bh6 Qa5 11. a3 Bxh6 12. Qxh6 Qh5 13. Qe3 Ng4 14. Qd2 Nf6 15. Be2 Qa5 16. O-O e5 17. d5 Nd4 18. Nxd4 exd4 19. Qxd4 Bd7 20. Qxf6 Rae8 21.
Qxd6 1-0

[Event "Live Chess"]
[Site "Chess.com"]
[Date "2024.06.02"]
[Round "-"]
[White "Zhevzh1k7"]
[Black "silunn"]
[Result "0-1"]
[WhiteElo "1128"]
[BlackElo "2066"]
[TimeControl "300"]
[EndTime "8:13:30 PDT"]
[Termination "silunn won by resignation"]

1. e4 e6 2. Nf3 d5 3. exd5 exd5 4. d4 Bd6 5. Nc3 Ne7 6. Bd3 Nbc6 7. O-O Bg4 8. Be2 O-O 9. h3 Bh5 10. Bg5 Qd7 11. Bxe7 Nxe7 12. Re1 c6 13. Qd2 Ng6 14. Ng5 Bf4 15. Qd3 Bxe2 16. Rxe2 Bxg5 17. Rae1 Nf4 18.
Qd2 Nxh3+ 19. gxh3 Bxd2 20. Rxd2 Rae8 0-1

[Event "Live Chess"]
[Site "Chess.com"]
[Date "2024.06.02"]
[Round "-"]
[White "lateforthesky"]
[Black "ukraineZelensky"]
[Result "1-0"]
[WhiteElo "2074"]
[BlackElo "1318"]
[TimeControl "300"]
[EndTime "8:13:53 PDT"]
[Termination "lateforthesky won by checkmate"]

1. e4 e5 2. f4 exf4 3. Bc4 d6 4. d4 Be7 5. Nf3 Bh4+ 6. Kf1 Be7 7. Bxf4 Nf6 8. Nc3 O-O 9. h3 Nc6 10. g4 Bd7 11.
Kg2 Re8 12. Ng5 Rf8 13. Rf1 h6 14. Nxf7 Rxf7 15. Bxf7+ Kxf7 16. h4 Bxg4 17. Qd3 Kg8 18. Rae1 Nh5 19. Nd5 Nxf4+ 20. Nxf4 Bxh4 21. Re3 Bg5 22.
Rg3 Bxf4 23. Rxf4 Bd7 24. b4 a6 25. a4 Nxb4 26. Qb3+ d5 27. Qxb4 dxe4 28. Qxb7 c6 29. Qb3+ Kh8 30. Qf7 g5 31. Rf6 Qe8 32. Rxh6# 1-0

[Event "Live Chess"]
[Site "Chess.com"]
[Date "2024.06.02"]
[Round "-"]
[White "Ginger_GM"]
[Black "KyryloPoluliakh"]
[Result "1-0"]
[WhiteElo "2665"]
[BlackElo "1533"]
[TimeControl "300"]
[EndTime "8:13:58 PDT"]
[Termination "Ginger_GM won by checkmate"]

1. e4 c5 2. Nf3 Nc6 3. b4 cxb4 4. d4 d5 5. exd5 Qxd5 6. c4 bxc3 7. Nxc3 Qd8 8. d5 Nb4 9. Qa4+ Bd7 10. Qxb4 e6 11.
d6 Qb8 12. Bf4 Nf6 13. Rd1 h6 14. Nb5 Bxb5 15. Bxb5+ Kd8 16. Ne5 Nd5 17. Nxf7+ Kc8 18. d7# 1-0

[Event "Live Chess"]
[Site "Chess.com"]
[Date "2024.06.02"]
[Round "-"]
[White "TheSmoulderingMaster"]
[Black "booktrunk"]
[Result "1-0"]
[WhiteElo "1783"]
[BlackElo "1488"]
[TimeControl "300"]
[EndTime "8:14:00 PDT"]
[Termination "TheSmoulderingMaster won by resignation"]

1. e4 b6 2. d4 Bb7 3. Nc3 e6 4.
Nf3 Nf6 5. Bg5 Bb4 6. e5 h6 7.
Bh4 g5 8. Bg3 Nh5 9. Bd3 Nxg3 10. hxg3 Bxc3+ 11. bxc3 Qe7 12. Qe2 d6 13. Qe3 dxe5 14. Nxe5 Nd7 15. Bb5 O-O-O 16. Bxd7+ Rxd7 17. Nxd7 Qxd7 18. O-O f6 19. Rad1 h5 20. c4 Qc6 21.
Qf3 Qxc4 22. Qxf6 Rd8 23. Rfe1 Qd5 24. Qxe6+ Qxe6 25. Rxe6 Rg8 26. Rde1 h4 27. Re8+ Rxe8 28. Rxe8+ Kd7 29. Rg8 hxg3 30. fxg3 Bd5 31. Rxg5 Bxa2 32.
Rf5 Be6 33. Rf6 Ke7 34. Rf4 Bd5 35. g4 c6 36. g5 Bf7 37. Kf2 Bg6 38. Ke3 Bxc2 39. Rf6 Kd7 40. g6 Ke7 41. g7 Bh7 42.
Rh6 Bg8 43. Rg6 Kf7 44. Rg5 Bh7 45. Kf4 a5 46. Ke5 b5 47. Kd6 b4 48. Rxa5 b3 49.
Kxc6 Be4+ 50. Kc5 Bxg2 51. Rb5 Kxg7 52. Rxb3 Kf7 53. d5 Ke7 54. d6+ Kd7 55. Rg3 Be4 56.
Rg7+ Kd8 57. d7 Bf5 58. Kd6 Bxd7 59. Rxd7+ Ke8 60. Ke6 Kf8 61. Rc7 Kg8 62. Kf6 Kh8 63. Kg6 1-0

[Event "Live Chess"]
[Site "Chess.com"]
[Date "2024.06.02"]
[Round "-"]
[White "Hazban"]
[Black "joellloyd"]
[Result "1-0"]
[WhiteElo "2058"]
[BlackElo "1892"]
[TimeControl "300"]
[EndTime "8:14:04 PDT"]
[Termination "Hazban won by resignation"]

1. d4 Nf6 2. Nf3 c6 3. c4 d5 4. cxd5 cxd5 5. Nc3 Nc6 6. Bf4 a6 7. e3 e6 8. Bd3 Bd6 9. Ne5 Qc7 10. Nxc6 Bxf4 11. exf4 bxc6 12. g3 c5 13. dxc5 Qxc5 14. O-O O-O 15. Rc1 Qd6 16. Qe2 Bd7 17. Rfd1 Qb6 18. Bb1 Bb5 19. Nxb5 axb5 20. g4 d4 21. g5 Nd5 22. Qe4 g6 23. Qxd4 Qd6 24. Rc5 Rfb8 25. Be4 Qxf4 26. Bxd5 Qxg5+ 27. Bg2 e5 28. Rxe5 Qh6 29.
Bxa8 Rxa8 30. Rde1 1-0

[Event "Live Chess"]
[Site "Chess.com"]
[Date "2024.06.02"]
[Round "-"]
[White "McFim"]
[Black "GEMdzq"]
[Result "1-0"]
[WhiteElo "1799"]
[BlackElo "2269"]
[TimeControl "300"]
[EndTime "8:14:16 PDT"]
[Termination "McFim won by checkmate"]

1. e4 Nf6 2. e5 Nd5 3. d4 d6 4. Nf3 g6 5. Be2 Bg7 6. exd6 cxd6 7. O-O O-O 8. h3 Nc6 9. c3 Bf5 10. Nbd2 e5 11. dxe5 dxe5 12. Nb3 Nf4 13. Bxf4 exf4 14. Qxd8 Raxd8 15. Rad1 Bc2 16. Rd2 Rxd2 17. Nfxd2 Re8 18.
Bf3 a5 19. Rc1 Bd3 20. Nc5 Be2 21. Re1 Re5 22. Nxb7 Bxf3 23. Nxf3 Rxe1+ 24. Nxe1 Kf8 25.
Nd3 f3 26. gxf3 a4 27. Nd6 a3 28. Nb5 axb2 29. Nxb2 Ke7 30. f4 Ke6 31. Kg2 Kd5 32. Kf3 Kc5 33. a4 f5 34. Ke3 Bh6 35. Nd4 Na5 36.
Ne6+ Kd6 37. Ng5 Bg7 38. Kd3 h6 39. Nf3 Kc5 40. Ne5 g5 41. Nf7 gxf4 42. Nd8 Kd6 43.
Nc4+ Nxc4 44. Kxc4 Kd7 45. Nb7 Kc7 46. Nc5 Be5 47. f3 Kc6 48. Nb3 Bf6 49. Nd4+ Kb6 50. Nxf5 Ka5 51. Kb3 Be5 52. Nxh6 Bg7 53. Nf5 Bf6 54.
h4 Kb6 55. h5 Kc5 56. h6 Kd5 57. h7 Ke5 58. Nd4 Kd6 59. Ne2 Ke7 60. Nxf4 Kf7 61. Nd5 Kg7 62. Nxf6 Kh8 63. Ne4 Kg7 64. a5 Kxh7 65.
a6 Kg6 66. a7 Kf5 67. a8=Q Kf4 68. Nc5 Ke3 69. Qd8 Kf2 70. f4 Kg3 71. f5 Kf4 72. f6 Ke3 73. f7 Ke2 74. f8=Q Ke1 75. Qfe7+ Kf2 76. Qdf8+ Kg2 77. Qeg7+ Kh1 78. Qfh8# 1-0

[Event "Live Chess"]
[Site "Chess.com"]
[Date "2024.06.02"]
[Round "-"]
[White "CarmelJane"]
[Black "ProfPoisson"]
[Result "1-0"]
[WhiteElo "2047"]
[BlackElo "1352"]
[TimeControl "300"]
[EndTime "8:14:21 PDT"]
[Termination "CarmelJane won on time"]

1. e4 e5 2. Nf3 Nf6 3. Nc3 Nc6 4.
d3 d5 5. exd5 Nxd5 6. Nxd5 Qxd5 7. Be2 Be6 8. O-O O-O-O 9. Be3 f6 10. Nd2 g5 11. Bf3 Qd7 12. Ne4 Be7 13. Bc5 f5 14.
Bxe7 Qxe7 15. Nc3 g4 16. Bxc6 bxc6 17. Qe2 f4 18. Qxe5 h5 19. Rfe1 Rh6 20. Ne4 f3 21. Ng5 Rd5 22. Qe3 fxg2 23. Ne4 Rg6 24. Qxa7 g3 25. fxg3 Qg7 26. Qf2 Bf5 27. Qxg2 Bxe4 28.
dxe4 Re5 29. Re3 h4 30. Rf1 h3 31. Qf3 Reg5 32. Qf8+ Qxf8 33. Rxf8+ Kb7 34. Rb3+ Ka7 35.
Kf2 1-0

[Event "Live Chess"]
[Site "Chess.com"]
[Date "2024.06.02"]
[Round "-"]
[White "YrrriKharkiv"]
[Black "upoe610"]
[Result "1-0"]
[WhiteElo "2155"]
[BlackElo "2158"]
[TimeControl "300"]
[EndTime "8:14:37 PDT"]
[Termination "YrrriKharkiv won by checkmate"]

1. d4 Nf6 2. Nc3 d5 3. Bf4 c5 4. e3 e6 5. Nf3 a6 6. a4 Nc6 7. Be2 Bd6 8. Bg3 c4 9. Bh4 Rb8 10. e4 Bb4 11. e5 Bxc3+ 12. bxc3 Qa5 13. exf6 Qxc3+ 14. Kf1 g6 15. Bg3 Ra8 16. Bd6 Kd7 17.
Bc5 b6 18. Bxb6 Rb8 19. Bc5 Rb2 20. Ne1 h5 21. Rb1 h4 22. Rxb2 Qxb2 23. h3 Nb4 24. f3 Na2 25. a5 Nc3 26. Qd2 Nb1 27. Qf4 Kc6 28. Qd6+ Kb7 29. Qb6+ Qxb6 30. Bxb6 Nc3 31. f4 Bd7 32. Nf3 Bb5 33. Kf2 Ne4+ 34. Ke3 Ng3 35. Rb1 Nf5+ 36. Kf2 Ng3 37. Nd2 Nxe2 38. Kxe2 c3+ 39. Ke3 cxd2 40. Kxd2 Rc8 41. Bc5 Kc6 42. Ke3 Rg8 43. g3 hxg3 44. Rg1 g5 45. Rxg3 gxf4+ 46. Kxf4 Rxg3 47. Kxg3 Be2 48. Kf4 Bh5 49. c3 Kb5 50. Ke5 Kc4 51. Bb4 Kd3 52. h4 Ke3 53. Kd6 Ke4 54. Kc7 Kf5 55. Kb6 Be2 56. Kc7 Kxf6 57. Kd6 Kg6 58. Ke7 f5 59. Bd6 Bg4 60. Bf4 Kh5 61. Bg3 Bh3 62. Bf4 Kg4 63. Bd2 f4 64.
Kxe6 f3 65. Be3 Kxh4+ 66. Kxd5 Kg3 67. Kc5 Bf1 68. c4 f2 69. d5 Bh3 70. Bxf2+ Kxf2 71. Kd6 Ke3 72. c5 Kd4 73. c6 Kc4 74. c7 Kb5 75.
Ke7 Bc8 76. Kd8 Bb7 77. c8=Q Bxc8 78. Kxc8 Kxa5 79. d6 Kb4 80. d7 a5 81. d8=Q a4 82. Qd1 a3 83. Qa1 Kb3 84. Kb7 a2 85. Kb6 Ka3 86. Kb5 Kb3 87. Kc5 Ka3 88. Kc4 Ka4 89. Qxa2# 1-0

[Event "Live Chess"]
[Site "Chess.com"]
[Date "2024.06.02"]
[Round "-"]
[White "santhoshrlokesh"]
[Black "FlyingChessKestrel13"]
[Result "0-1"]
[WhiteElo "1473"]
[BlackElo "2065"]
[TimeControl "300"]
[EndTime "8:14:41 PDT"]
[Termination "FlyingChessKestrel13 won by resignation"]

1. d4 d5 2. Bf4 Nf6 3. e3 Bf5 4. Bd3 Bxd3 5. Qxd3 c6 6. Nf3 e6 7. Ne5 Bd6 8. Nc3 O-O 9. O-O c5 10. dxc5 Bxc5 11. Ne2 Nc6 12. Ng3 Bd6 13. Nxc6 bxc6 14.
Bg5 h6 15. Bh4 g5 16. Bxg5 hxg5 17. f4 g4 18. f5 e5 19. e4 Qb6+ 20. Kh1 Qd4 21.
Qe2 dxe4 22. Qxg4+ Nxg4 0-1

[Event "Live Chess"]
[Site "Chess.com"]
[Date "2024.06.02"]
[Round "-"]
[White "NAZRIZ1977"]
[Black "Rusty_Bridges"]
[Result "1-0"]
[WhiteElo "2076"]
[BlackElo "1465"]
[TimeControl "300"]
[EndTime "8:14:43 PDT"]
[Termination "NAZRIZ1977 won by resignation"]

1. d4 d5 2. c4 e5 3. dxe5 d4 4. Nf3 Nc6 5. e3 Bb4+ 6. Ke2 d3+ 7. Qxd3 Qxd3+ 8. Kxd3 Nge7 9. a3 Bf5+ 10. e4 O-O-O+ 11. Ke2 Bxe4 12. axb4 Bxf3+ 13. gxf3 Nxe5 14. Bh3+ Kb8 15. Bf4 Nxc4 16. Nc3 Rhe8 17. Kf1 Nxb2 18. Nb5 Nd5 19. Bg3 Nc4 20. Nxa7 Nxb4 21. Nb5 Nd5 22. Kg2 b6 23. Rhd1 Kb7 24. Rxd5 Rxd5 25. Nxc7 Red8 26. Nxd5 Rxd5 27. f4 Nd2 28. Kh1 Nf3 29. Bg2 1-0

[Event "Live Chess"]
[Site "Chess.com"]
[Date "2024.06.02"]
[Round "-"]
[White "f4nomore"]
[Black "gmnorfolk"]
[Result "0-1"]
[WhiteElo "1284"]
[BlackElo "2125"]
[TimeControl "300"]
[EndTime "8:15:13 PDT"]
[Termination "gmnorfolk won by resignation"]

1. c4 e5 2. Nc3 Nf6 3. d3 Nc6 4.
Nf3 d5 5. cxd5 Nxd5 6. Bd2 Be7 7. e4 Nb6 8. Be2 O-O 9. O-O Be6 10. a3 f6 11. b4 a5 12. b5 Nd4 13. Nxd4 exd4 14. Na2 Bxa3 15. Nc1 Bxc1 16. Qxc1 a4 17.
Bb4 Re8 18. Qd1 Bb3 19. Qd2 Qd7 20. h3 Qxb5 21. Ba3 c5 22. Rfb1 Nd7 23. Bg4 Ne5 24. Be2 Rac8 25. Ra2 Qc6 26. Rab2 b5 27. Rc1 Qb6 28.
Rbb1 c4 29. dxc4 bxc4 30. f4 c3 31. Qe1 d3+ 32. Kh2 dxe2 33. Qxe2 c2 34. Rb2 Nc4 35.
Rbxc2 Bxc2 36. Rxc2 Nxa3 37. Rxc8 Rxc8 38. Qd3 Nc4 39. Qd5+ Kh8 40. Qd7 Qc7 41. Qg4 a3 42.
e5 fxe5 43. fxe5 Nxe5 44. Qa4 Nf3+ 45. Kh1 Qc1+ 0-1